 Dungeon Crawl Stone Soup version 0.19-a0-1341-g3513869 (webtiles) character file.

1808 rlgrobin the Cleaver (level 9, -2/69 HPs)
             Began as a Formicid Fighter on Sept 1, 2016.
             Was a Follower of Okawaru.
             Slain by a killer bee (5 damage)
             ... on level 8 of the Dungeon.
             The game lasted 00:09:15 (4788 turns).

rlgrobin the Cleaver (Formicid Fighter)             Turns: 4788, Time: 00:09:17

Health: -2/69      AC:  7    Str: 26    XL:     9   Next: 31%
Magic:  9/9        EV:  9    Int:  8    God:    Okawaru [*.....]
Gold:   396        SH: 11    Dex: 13    Spells: 0 memorised, 8 levels left

rFire  . . .     SeeInvis +     e - +3 war axe (chop)
rCold  . . .     Gourm    .     b - +1 scale mail
rNeg   . . .     Faith    .     c - +0 shield
rPois  .         Spirit   .     (helmet unavailable)
rElec  .         Dismiss  .     (no cloak)
rCorr  .         Reflect  .     (no gloves)
MR     .....     Harm     .     (no boots)
Stlth  ..........               (no amulet)
                                o - ring of flight
                                (no ring)

@: mighty, drained
A: permanent stasis, dig shafts and tunnels, four strong arms, antennae 3
a: Dig, Shaft Self, Heroism, Renounce Religion, Evoke Flight


You were on level 8 of the Dungeon.
You worshipped Okawaru.
Okawaru was aware of your devotion.
You were full.

You visited 2 branches of the dungeon, and saw 9 of its levels.

You collected 396 gold pieces.

Inventory:

Hand Weapons
 e - a +3 war axe of chopping (weapon)
Missiles
 k - 2 throwing nets (quivered)
Armour
 b - a +1 scale mail (worn)
 c - a +0 shield (worn)
Jewellery
 o - a ring of flight (right hand)
 w - a cursed ring of loudness {unknown}
 C - an uncursed amulet of faith {unknown}
Scrolls
 j - 2 scrolls of magic mapping {unknown}
 l - a scroll of fear
 m - 2 scrolls of amnesia {unknown}
 p - 4 scrolls of remove curse
 q - a scroll of blinking {unknown}
 y - a scroll of enchant weapon {unknown}
 B - a scroll of identify
Potions
 d - a potion of might
 i - 4 potions of flight
 r - a potion of mutation
 u - a potion of curing
 v - 2 potions of berserk rage
Books
 a - a book of Debilitation

   Spells                             Type                      Level
   a - Corona                         Hexes                        1
   b - Slow                           Hexes                        2
   c - Gell's Gravitas                Hexes/Translocation          3
   d - Inner Flame                    Hexes/Fire                   3
   e - Cause Fear                     Hexes                        4
   f - Leda's Liquefaction            Hexes/Earth                  4
 t - Deub's Collected Works on Creative Dislocation
   (You found it on level 5 of the Dungeon)

   Spells                             Type                      Level
   a - Shroud of Golubria             Charms/Translocation         2
   b - Teleport Other                 Translocation                3
   c - Force Lance                    Conjuration/Translocation    4
   d - Spellforged Servitor           Conjuration/Summoning        7
 x - a book of Geomancy

   Spells                             Type                      Level
   a - Sandblast                      Earth                        1
   b - Passwall                       Transmutation/Earth          2
   c - Stone Arrow                    Conjuration/Earth            3
   d - Petrify                        Transmutation/Earth          4
   e - Lee's Rapid Deconstruction     Earth                        5
 D - a Fen Folio

   Spells                             Type                      Level
   a - Corpse Rot                     Necromancy                   2
   b - Stone Arrow                    Conjuration/Earth            3
   c - Leda's Liquefaction            Hexes/Earth                  4
   d - Summon Forest                  Summoning/Translocation      5
   e - Hydra Form                     Transmutation                6
   f - Summon Hydra                   Summoning                    7
Comestibles
 f - 7 bread rations
 n - 2 slices of pizza
 s - 4 meat rations
 z - 6 beef jerkies
 A - 4 fruits


   Skills:
 - Level 6.2(5.2) Fighting
 - Level 12.0(10.8) Axes
 - Level 3.2(2.3) Armour
 + Level 8.0(7.0) Shields


You had 8 spell levels left.
You didn't know any spells.

Dungeon Overview and Level Annotations

Branches:
Dungeon (8/15)             Temple (1/1) D:6
   Lair: D:8-11

Altars:
Ashenzari
Cheibriados
Dithmenos
Elyvilon
Fedhas
Gozag
Hepliaklqana
Kikubaaqudgha
Makhleb
Nemelex Xobeh
Okawaru
Qazlal
Ru
Sif Muna
Trog
Uskayaw
Vehumet
Xom
Yredelemnul
Zin
The Shining One

Shops:
D:7 }


Innate Abilities, Weirdness & Mutations

You are under a permanent stasis effect.
You can dig through walls and to a lower floor.
Your four strong arms can wield two-handed weapons with a shield.
You have a pair of large antennae on your head. (SInv)


Message History

The killer bee stings you.
* * * LOW HITPOINT WARNING * * *
It was a potion of curing.
You feel better.
You feel less invigorated. The killer bee closely misses you.
You block the killer bee's attack.
You feel very mighty all of a sudden. The killer bee stings you.
* * * LOW HITPOINT WARNING * * *
You block the killer bee's attack.
You barely miss the killer bee.
The killer bee is lightly wounded.
You block the killer bee's attack.
The killer bee stings you but does no damage.
You miss the killer bee.
The killer bee is lightly wounded.
The killer bee completely misses you. The killer bee stings you.
* * * LOW HITPOINT WARNING * * *
You slash the killer bee!
The killer bee is severely wounded.
You block the killer bee's attack. The killer bee stings you.
You die...

...............
.........?.......#
.................#
.................#
..:..............
...............#
..............#
#............#
#......y@...##
#.....####.##
...## #.## # #..#
#..# ##)# #.# #.#
#.# ##


You could see a killer bee.

Vanquished Creatures
  An orc warrior (D:7)
  3 ogres
  Blork the orc (D:4)
  2 giant frogs
  A wyvern zombie (D:6)
  4 wights
  5 killer bees (D:8)
  A crimson imp (D:6)
  2 giant frog zombies
  2 hounds
  3 orc priests
  3 orc wizards (D:6)
  An iguana (D:5)
  4 worker ants
  4 hound skeletons
  6 gnolls
  5 adders
  A howler monkey skeleton (D:7)
  A shadow imp (D:8)
  2 oozes
  2 worms
  2 dart slugs
  6 giant geckos
  10 orcs
  3 ball pythons
  4 bats
  10 giant cockroaches
  10 goblins
  10 hobgoblins
  6 jackals
  5 quokkas
  A giant gecko skeleton (D:5)
  4 giant newts
  6 kobolds
  10 rats
141 creatures vanquished.

Notes
Turn   | Place    | Note
-------+----------+-------------------------------------------
     0 | D:1      | rlgrobin the Formicid Fighter began the quest for the Orb.
     0 | D:1      | Reached XP level 1. HP: 18/18 MP: 1/1
   276 | D:1      | Reached XP level 2. HP: 24/24 MP: 2/2
   307 | D:1      | Reached skill level 3 in Axes
   373 | D:1      | Reached XP level 3. HP: 29/29 MP: 3/3
   881 | D:2      | Reached skill level 4 in Axes
   881 | D:2      | Reached XP level 4. HP: 35/35 MP: 4/4
  1397 | D:3      | HP: 1/35 [gnoll/flail (5)]
  1419 | D:3      | Reached skill level 12 in Axes
  1419 | D:3      | Reached XP level 5. HP: 4/41 MP: 5/5
  1704 | D:3      | Reached XP level 6. HP: 43/47 MP: 6/6
  2346 | D:4      | Noticed Blork the orc
  2356 | D:4      | Reached XP level 7. HP: 43/55 MP: 7/7
  2357 | D:4      | Killed Blork the orc
  2586 | D:5      | Entered Level 5 of the Dungeon
  2593 | D:5      | Reached skill level 5 in Fighting
  2758 | D:5      | Identified Deub's Collected Works on Creative Dislocation
  3270 | D:6      | Reached XP level 8. HP: 58/64 MP: 8/8
  3468 | D:6      | Found a staircase to the Ecumenical Temple.
  3624 | D:6      | Reached skill level 5 in Shields
  3910 | Temple   | Entered the Ecumenical Temple
  3975 | Temple   | Became a worshipper of Warmaster Okawaru
  4060 | D:7      | Found a stormy altar of Qazlal.
  4088 | D:7      | Found Kewucuats's Gadget Shop.
  4315 | D:7      | Reached XP level 9. HP: 69/69 MP: 9/9
  4755 | D:8      | Reached * piety under Okawaru
  4781 | D:8      | HP: 3/69 [poisoned by a killer bee]
  4781 | D:8      | HP: 1/69 [killer bee (2)]
  4787 | D:8      | HP: 3/69 [killer bee (5)]
  4788 | D:8      | Slain by a killer bee

Vault maps used:
D:1:      wheals_arrival_linesprint
D:4:      uniq_blork_the_orc
D:5:      first_bread
D:7:      serial_shops, nicolae_shop_crystal, grunt_ogre_cave,
          grunt_qazlal_sundering
D:8:      enter_bailey_2
Temple:   compressed_dpeg_triangle_lava_temple

Skill      XL: |  1  2  3  4  5  6  7  8  9 |
---------------+----------------------------+-----
Axes           | 3 4 12 | 12.0
Fighting       | 4 5 6 |  6.2
Shields        | 7 8 |  8.0
Armour         | |  3.2

Action                   |  1- 3 |  4- 6 |  7- 9 || total
-------------------------+-------+-------+-------++-------
Melee: War axe           |    92 |   147 |   167 ||   406
  Use: Scroll            |       |    11 |     2 ||    13
       Potion            |       |     2 |     4 ||     6
  Eat: Beef jerky        |       |     2 |       ||     2
       Chunk             |       |     2 |       ||     2
       Royal jelly       |       |       |     2 ||     2
       Fruit             |       |       |     4 ||     4
       Meat ration       |       |       |     1 ||     1
Armor: Scale mail        |    31 |    57 |    36 ||   124
Dodge: Dodged            |    31 |    31 |    32 ||    94
Block: Shield            |    47 |    60 |    88 ||   195
